 Dungeon Crawl Stone Soup version 0.26-a0-665-gefeb406119 (webtiles) character file.

Game seed: 8339322869974440771

16 grandjackal the Ducker (level 2, -2/23 HPs)
             Began as a Demonspawn Gladiator on Oct 13, 2020.
             Slain by a hound (5 damage)
             ... on level 1 of the Dungeon.
             The game lasted 00:00:54 (1075 turns).

grandjackal the Ducker (Demonspawn Gladiator)       Turns: 1075, Time: 00:00:54

Health: -2/23      AC:  4    Str: 10    XL:     2   Next: 41%
Magic:  2/2        EV: 12    Int:  9    God:
Gold:   73         SH:  0    Dex: 14    Spells: 1/1 levels left

rFire    . . .     SeeInvis .   a - +0 long sword
rCold    . . .     Faith    .   (no shield)
rNeg     . . .     Spirit   .   b - +0 leather armour
rPois    .         Reflect  .   c - +0 helmet
rElec    .         Harm     .   (no cloak)
rCorr    .         Rampage  .   (no gloves)
MR       .....                  (no boots)
Stlth    +.........             (no amulet)
HPRegen  0.07/turn              h - -4 ring of strength (curse)
MPRegen  0.08/turn              q - ring of wizardry

@: no status effects
A: powered by death 1
a: no special abilities


You were on level 1 of the Dungeon.
You visited 1 branch of the dungeon, and saw 2 of its levels.

You collected 73 gold pieces.

Inventory:

Hand Weapons
 a - a +0 long sword (weapon)
Missiles
 d - 3 throwing nets (quivered)
 f - 22 poisoned darts
Armour
 b - a +0 leather armour (worn)
 c - a +0 helmet (worn)
Jewellery
 h - a cursed -4 ring of strength (left hand)
 q - a ring of wizardry (right hand)
Scrolls
 k - a scroll of teleportation {unknown}
 n - a scroll of remove curse {unknown}
Potions
 e - a potion of curing
 g - a potion of berserk rage
 i - a potion of stabbing {unknown}
 j - a potion of brilliance {unknown}
 l - a potion of degeneration {unknown}
 o - a potion of mutation {unknown}
 p - a potion of heal wounds {unknown}


   Skills:
 + Level 2.3 Fighting
 + Level 3.0 Long Blades
 - Level 1.7 Throwing
 + Level 3.0 Dodging


You had one spell level left.
You didn't know any spells.
Your spell library was empty.

Dungeon Overview and Level Annotations

Branches:
Dungeon (2/15)

Altars:


Innate Abilities, Weirdness & Mutations

You regenerate a little health from kills.


Message History

You hit the hound skeleton but do no damage.
The hound skeleton is moderately damaged.
The hound bites you. The rat bites you but does no damage.
The hound skeleton misses you. The hound bites you.
Unknown command.
You are too injured to fight recklessly!
Unknown command.
You are too injured to fight recklessly!
The rat barely misses you. The hound skeleton bites you.
The hound closely misses you.
You climb upwards.
There is a stone staircase leading down here.
Unknown command.
The hound bites you.
* * * LOW HITPOINT WARNING * * *
The hound bites you.
* * * LOW HITPOINT WARNING * * *
The rat bites you but does no damage. The hound bites you.
You die...

#.....# #).....#
##...≈≈.....≈≈ #.....#
#......######...≈≈≈.≈≈≈.
#.....#
#......#...###..........
#.....# #......#...#
##......... #.....#
#...>..#...# ##.........
#.....# ##.....#...#
#.......... #.....#
#....r#...# #.........#
#######
#####h#...#############
#.@...'...........#
###...##..........#
######.########## #.# #
#.# # #.# # #.# # #.# #
#.##########


You could see a hound and a rat.

Vanquished Creatures
  A dart slug (D:1)
  A leopard gecko (D:1)
  3 goblins
  A hobgoblin (D:1)
  3 kobolds (D:1)
  A bat (D:1)
  3 rats (D:1)
13 creatures vanquished.

Notes
Turn   | Place    | Note
-------+----------+-------------------------------------------
     0 | D:1      | grandjackal the Demonspawn Gladiator began the quest for
                  | the Orb.
     0 | D:1      | Reached XP level 1. HP: 16/16 MP: 1/1
   405 | D:1      | Gained mutation: You regenerate a little health from kills.
                  | [demonic ancestry]
   405 | D:1      | Reached XP level 2. HP: 22/22 MP: 2/2
  1075 | D:1      | Slain by a hound

Illustrated notes

Levels and vault maps discovered:
D:1:      moated_graveyard_arrival, layout_basic, serial_glass, glass_columns_a,
          glass_columns_a, palyth_stone_intersect
D:2:      layout_loops_ring, marbit_many_paths, grunt_ministairs_1, tgw_trog,
          uniq_terence

Skill      XL: |  1  2 |
---------------+-------+-----
Long Blades    | 3 |  3.0
Dodging        | 3 |  3.0
Fighting       | |  2.3
Throwing       | |  1.7

Action                   || total
-------------------------++-------
Melee: Long sword        ||    36
  Use: Scroll            ||     2
 Stab: Sleeping          ||     1
Armor: Leather armour    ||    15
Dodge: Dodged            ||    27
       Rpst.: Long sword ||     9

Table legend: (Time is in decaauts)
 A = Elapsed time spent in this place.
 B = Non-inter-level travel time spent in this place.
 C = Inter-level travel time spent in this place.
 D = Time resting spent in this place.
 E = Time spent auto-exploring this place.
 F = Levels seen in this place.
 G = Mean time per level.
                   A        B        C        D        E       F      G
               +--------+--------+--------+--------+--------+-----+--------+
         Total |   1083 |   1069 |     14 |      0 |    945 |   2 |  541.5 |
       Dungeon |   1083 |   1069 |     14 |      0 |    945 |   2 |  541.5 |
               +--------+--------+--------+--------+--------+-----+--------+

Top non-repeatable levels by time:
     D:1: 1072 daAuts
     D:2: 10 daAuts
